 Dungeon Crawl Stone Soup version 0.31.0-11-ge490571c62 (webtiles) character file.

Game seed: 17309118040354592285

43 Esekla the Grasshopper (level 3, -1/18 HPs)
             Began as a Vine Stalker Warper on Jan 29, 2024.
             Was an Initiate of Ru.
             Slain by a sleepcap (6 damage)
             ... on level 4 of the Dungeon.
             The game lasted 00:08:04 (1352 turns).

Esekla the Grasshopper (Vine Stalker Warper)        Turns: 1352, Time: 00:08:05

Health: -1/18      AC:  3    Str: 13    XL:     3   Next: 58%
Magic:  0/8        EV: 11    Int: 15    God:    Ru [......]
Gold:   95         SH:  0    Dex: 13    Spells: 5/7 levels left

rFire   + . .        a - +0 falchion
rCold   . . .        (no shield)
rNeg    . . .        h - +0 leather armour {rF+}
rPois   .            (no helmet)
rElec   .            (no cloak)
rCorr   .            (no gloves)
SInv    .            (no boots)
Will    .....        (no amulet)
Stlth   +            (no ring)
HPRegen 1.03/turn    (no ring)
MPRegen 0.11/turn

%: guardian spirit
@: no status effects
A: fangs 2, regeneration 1, magic shield, antimagic bite, no potion heal 2
a: Renounce Religion, Sacrifice Courage, Sacrifice Essence, Sacrifice an Eye,
Reject Sacrifices


You were on level 4 of the Dungeon.
You worshipped Ru.
Ru was noncommittal.
You visited 1 branch of the dungeon, and saw 5 of its levels.

You collected 95 gold pieces.

Inventory:

Hand Weapons
 a - a +0 falchion (weapon)
 r - a +0 spear
 s - a +0 dagger
Missiles
 d - 7 darts of dispersal (quivered)
Armour
 h - a +0 leather armour of fire resistance (worn)
Scrolls
 b - 2 scrolls of fog {unknown}
 e - a scroll of noise {unknown}
 f - a scroll of fear {unknown}
 i - 2 scrolls of vulnerability {unknown}
 j - 2 scrolls of enchant weapon {unknown}
 k - a scroll of identify {unknown}
 l - a scroll of revelation {unknown}
Potions
 g - a potion of might {unknown}


   Skills:
 * Level 2.1 Fighting
 + Level 2.2 Long Blades
 + Level 0.9 Throwing
 - Level 0.7 Armour
 + Level 1.8 Dodging
 * Level 2.7 Spellcasting
 + Level 3.3 Translocations


You had 5 spell levels left.
You knew the following spells:

 Your Spells              Type           Power      Damage    Failure   Level
b - Blink                 Tloc           24%        N/A       10%         2

Your spell library contained the following spells:

 Spells                   Type           Power      Damage    Failure   Level
 Lesser Beckoning         Tloc           24%        N/A       10%         2
 Teleport Other           Tloc           12%        N/A       21%         3
 Manifold Assault         Tloc           12%        N/A       54%         4
 Vhi's Electric Charge    Tloc/Air       14%        N/A       78%         4


Dungeon Overview and Level Annotations

Branches:
Dungeon (5/15)
 Temple: D:4-7

Altars:
Ru

Annotations:
D:5 Edmund


Innate Abilities, Weirdness & Mutations

You have extremely sharp teeth.
Your natural rate of healing is unusually fast.
When hurt, damage is shared between your health and your magic reserves.
Your bite disrupts and absorbs the magic of your enemies.
Potions cannot restore your health.


Message History

Casting: Blink (safe; 10% risk of failure)
Confirm with . or Enter, or press ? or * to list all spells.
You blink.
A gnoll comes into view. It is wielding a +0 halberd.
A gnoll comes into view. It is wielding a +0 club.
The gnoll barely misses you.
Okay, then.
You barely miss the gnoll. You bite the gnoll. You drain its power.
You feel invigorated.
The gnoll is lightly wounded.
You hear a shout!
The gnoll completely misses you.
You hear a shout!
A gnoll bouda comes into view. It is wielding a +0 club.
You barely miss the gnoll bouda. You bite the gnoll bouda. You drain its power.
The gnoll bouda is lightly wounded.
The gnoll barely misses you.
Blink to where?
Press: ? - help, Dir - move target
As you read the scroll of blinking, it crumbles to dust.
You climb upwards.
The sleepcap releases spores at you.
There is a stone staircase leading down here.
You hit the sleepcap.
The sleepcap is lightly damaged.
You feel ready to blink again. The sleepcap releases spores at you.
You hit the sleepcap.
The sleepcap is lightly damaged.
The sleepcap releases spores at you! The sleepcap releases spores at you.
You are engulfed in a cloud of soporific spores!
You fall asleep.
The sleepcap releases spores at you!
You wake up.
* * * LOW HITPOINT WARNING * * *
You are engulfed in a cloud of soporific spores!
You are unaffected.
You hit the sleepcap.
You bite the sleepcap, but do no damage.
The sleepcap is moderately damaged.
The sleepcap releases spores at you!
You die...

#. ..... .#
#.###.#.# .#
.......#..
......#.#
#....#.####
#..........
#..<..#
#...#...#####.#
..<.....f@<....#
...#.#.#....####
...#......# #.#
####...# #.
..... # ...###
.... #...#


You could see a sleepcap.

Vanquished Creatures
  An adder (D:2)
  A dart slug (D:1)
  A ribbon worm (D:2)
  A ball python (D:1)
  An endoplasm (D:1)
  3 giant cockroaches
  3 goblins (D:1)
  2 hobgoblins
  4 jackals (D:1)
  4 kobolds
  2 bats (D:1)
  2 frilled lizards
  2 rats (D:1)
27 creatures vanquished.

Notes
Turn   | Place    | Note
-------+----------+-------------------------------------------
     0 | D:1      | Esekla the Vine Stalker Warper began the quest for the Orb.
     0 | D:1      | Reached XP level 1. HP: 11/11 MP: 4/4
   154 | D:1      | Reached XP level 2. HP: 15/15 MP: 6/6
   159 | D:1      | Learned a level 2 spell: Blink
   737 | D:1      | Reached XP level 3. HP: 17/18 MP: 7/7
  1313 | D:3      | Found a faded altar of an unknown god.
  1320 | D:3      | Prayed at the altar of an unknown god.
  1320 | D:3      | Became a worshipper of Ru the Awakened
  1342 | D:5      | Entered Level 5 of the Dungeon
  1342 | D:5      | Noticed Edmund
  1352 | D:4      | Slain by a sleepcap

Illustrated notes

Levels and vault maps discovered:
D:1:      minmay_arrival_diagonal_passages, layout_basic
D:2:      layout_loops_ring, basic_altar
D:3:      layout_basic, basic_ecumenical_altar
D:4:      layout_basic, nicolae_gozag_cash_rules_everything_around_me
D:5:      layout_loops_cross, minmay_temple_entry_mist, uniq_edmund

Skill      XL: |  1  2 |
---------------+-------+-----
Long Blades    | 2 |  2.2
Fighting       | 2 |  2.1
Throwing       | |  0.9
Armour         | |  0.7
Dodging        | |  1.8
Spellcasting   | |  2.7
Translocations | |  3.3

Action                     || total
---------------------------++-------
  Melee: Falchion          ||   110
         Bite              ||    31
         Punch             ||     1
   Cast: Blink             ||     1
    Use: Scroll            ||     1
 Armour: Leather armour    ||    65
  Dodge: Dodged            ||    67
